 Dungeon Crawl Stone Soup version 0.30.0-15-g856e2d3f33 (webtiles) character file.

Game seed: 14754647400573874247

7721 Kenran the Carver (level 11, -3/64 HPs)
             Began as a Gargoyle Fighter on May 19, 2023.
             Was a Priest of Okawaru.
             Killed from afar by a gargoyle (22 damage)
             ... with a stone arrow
             ... on level 8 of the Dungeon.
             The game lasted 00:18:43 (9508 turns).

Kenran the Carver (Gargoyle Fighter)                Turns: 9508, Time: 00:18:43

Health: -3/64      AC: 28    Str: 20    XL:     11   Next: 19%
Magic:  12/14      EV:  8    Int:  9    God:    Okawaru [***...]
Gold:   393        SH:  6    Dex: 13    Spells: 10/10 levels left

rFire   . . .        a - +3 scimitar (flame)
rCold   + . .        c - +0 buckler
rNeg    + . .        i - +0 plate armour
rPois   ∞            x - +0 helmet
rElec   +            n - +0 cloak
rCorr   +            B - +0 pair of gloves
SInv    .            (no boots)
Will    .....        E - amulet of regeneration Stlth
                     e - ring of protection from cold
HPRegen 1.10/turn    b - ring of resist corrosion
MPRegen 0.14/turn

%: no passive effects
@: heroic
A: sickness immunity, AC +8, negative energy resistance 1, electricity
resistance, torment resistance 1, petrification resistance
a: Renounce Religion, Heroism


You were on level 8 of the Dungeon.
You worshipped Okawaru.
Okawaru was most pleased with you.
You visited 2 branches of the dungeon, and saw 10 of its levels.
You also visited: Sewer.

You collected 592 gold pieces.
You spent 199 gold pieces at shops.

Inventory:

Hand Weapons
 a - a +3 scimitar of flaming (weapon)
Armour
 c - a +0 buckler (worn)
 i - a +0 plate armour (worn)
 n - a +0 cloak (worn)
 x - a +0 helmet (worn)
 B - a +0 pair of gloves (worn)
Jewellery
 b - a ring of resist corrosion (right hand)
 e - a ring of protection from cold (left hand)
 E - an amulet of regeneration (around neck)
 I - a ring of positive energy
Wands
 f - a wand of mindburst (14)
 m - a wand of flame (12)
 w - a wand of paralysis (9)
 G - a wand of roots (2)
Scrolls
 j - a scroll of magic mapping
 k - 3 scrolls of enchant armour
 l - a scroll of vulnerability {unknown}
 t - a scroll of silence
 u - 4 scrolls of enchant weapon
 v - a scroll of teleportation {unknown}
 C - a scroll of poison {unknown}
 F - a scroll of fog {unknown}
Potions
 d - a potion of brilliance {unknown}
 g - a potion of heal wounds {@q2}
 h - 3 potions of mutation {!q}
 o - 4 potions of attraction {!q}
 p - 3 potions of cancellation {unknown}
 q - 2 potions of curing {@q1}
 r - a potion of haste {unknown}
 s - 2 potions of magic {unknown}
 z - a potion of invisibility {unknown}
 D - a potion of ambrosia
 H - a potion of degeneration {unknown}


   Skills:
 - Level 6.0(11.0) Fighting
 * Level 13.0(18.0) Long Blades
 + Level 8.2(13.2) Armour
 - Level 3.2(8.2) Shields
 - Level 5.0 Invocations


You had 10 spell levels left.
You didn't know any spells.
Your spell library contained the following spells:

 Spells                   Type           Power      Damage    Failure   Level
 Apportation              Tloc           0%         N/A       99%         1
 Necrotise                Necr           0%         1d4       99%         1
 Sandblast                Erth           0%         2d4       99%         1
 Shock                    Conj/Air       0%         1d3       99%         1
 Passwall                 Tmut/Erth      0%         N/A       100%        2
 Stone Arrow              Conj/Erth      0%         3d7       100%        3
 Swiftness                Air            0%         N/A       100%        3
 Airstrike                Air            0%         2d(0-16)  100%        4
 Summon Small Mammal      Summ           Unusable   N/A       N/A         1

Dungeon Overview and Level Annotations

Branches:
Dungeon (9/15)             Temple (1/1) D:7           Sewer (visited)
   Lair: D:8-11         Orc: D:9-12

Altars:
Ashenzari
Cheibriados
Dithmenos
Elyvilon
Fedhas
Hepliaklqana
Kikubaaqudgha
Okawaru
Qazlal
Ru
Sif Muna
Uskayaw
Wu Jian
Yredelemnul
The Shining One

Shops:
D:2 (   D:4 =

Annotations:
D:3 1 runed translucent door, splendoreal's ghost, amateur MfSu
D:4 exclusion: downstairs
D:8 2 transporters, FelidPro's ghost, novice FeAE


Innate Abilities, Weirdness & Mutations

You are immune to sickness and miasma.
Your stone body is resilient. (AC +8)
You are immune to poison.
You resist negative energy. (rN+)
You are resistant to electric shocks. (rElec)
You are resistant to unholy torment.
You are immune to petrification.


Message History

The wyvern bites you but does no damage.
You hit the wyvern. You burn the wyvern.
The wyvern is almost dead.
The wyvern closely misses you.
The gargoyle hits you but does no damage.
The gnoll hits you but does no damage.
You hit the wyvern. You burn the wyvern.
You kill the wyvern!
Okawaru accepts your kill.
The gargoyle hits you but does no damage.
The gnoll hits you but does no damage.
The gargoyle hits you but does no damage.
The gnoll hits you but does no damage.
There is a stone staircase leading up, spattered with blood here.
The gnoll hits you but does no damage.
The gargoyle hits you with a +0 morningstar.
You climb upwards.
Level annotation: 2 transporters, FelidPro's ghost, novice FeAE
There is a stone staircase leading down here.
You gain the combat prowess of a mighty hero.
The gargoyle hurls a stone arrow at you.
You block the stone arrow.
You hit the gargoyle but do no damage. You hit the gargoyle but do no damage.
The gargoyle barely misses you.
You slash the gargoyle! You burn the gargoyle.
The gargoyle is severely damaged.
The gargoyle hurls a stone arrow at you.
The stone arrow hits you!!
You hit the gargoyle but do no damage.
The gargoyle is severely damaged.
You hit the gargoyle. You burn the gargoyle.
The gargoyle is severely damaged.
The gargoyle hurls a stone arrow at you.
The stone arrow hits you!
* * * LOW HITPOINT WARNING * * *
You hit the gargoyle but do no damage.
The gargoyle is severely damaged.
The gargoyle hurls a stone arrow at you.
The stone arrow hits you!!
You die...

#.# #..# #....).....)........#
#.# #..# #.######.#######.##)#
#.# #..###.# #.# #.##.# #.#
#......######.# #.##.# #.#
#.#...........# #.##.# #.#
#....########.# #.##.# #.#
#.........# #.# #.##.# ###.#
##...####.# #.# #.##.# ...?#
##.## #@###.#######..#.# #####
#.# #9............)... #.#
#####............. ####.#
#.####.###.### ##....# #.# #.#
#.# #..##.# #####.####.# #.#
≣≣≣≣≣≣.≣≣≣≣≣≣###....(.....# #.#
≣...........≣....>...########.#
≣.≣≣≣≣.≣≣≣≣.≣######...........#


You could see a gargoyle.

Vanquished Creatures
  3 two-headed ogres (D:8)
  A deep elf pyromancer (D:9)
  An efreet (D:9)
  A tengu conjurer (D:9)
  Prince Ribbit (D:8)
  Sigmund (D:2)
  A wyvern (D:9)
  2 steam dragons
  A water moccasin (D:8)
  4 orc warriors
  A sky beast (D:7)
  Pargi (Sewer)
  A black bear (D:5)
  3 ice beasts
  An ogre (D:5)
  A wolf (D:8)
  9 centaurs
  A phantom (D:4)
  2 kobold brigands (D:8)
  Blork the orc (D:6)
  A bullfrog (D:8)
  2 gnoll sergeants
  2 scorpions (D:4)
  4 wights (D:9)
  2 killer bees
  7 howler monkeys
  A hound (D:5)
  A wyvern simulacrum (D:9)
  3 jellies
  A gnoll bouda (D:7)
  10 orc priests
  Crazy Yiuf (D:2)
  Terence (D:2)
  8 orc wizards
  Natasha (thrice) (D:2)
  An iguana (D:6)
  17 gnolls
  7 adders
  A shadow imp (D:5)
  2 white imps
  3 worms
  45 orcs
  6 bats
  7 endoplasms
  8 giant cockroaches
  7 goblins
  5 hobgoblins
  9 jackals
  10 quokkas
  7 ball pythons
  6 frilled lizards
  13 kobolds
  5 rats
243 creatures vanquished.

Vanquished Creatures (others)
  2 orcs
2 creatures vanquished.

Grand Total: 245 creatures vanquished

Notes
Turn   | Place    | Note
-------+----------+-------------------------------------------
     0 | D:1      | Kenran the Gargoyle Fighter began the quest for the Orb.
     0 | D:1      | Reached XP level 1. HP: 14/14 MP: 1/1
    24 | D:1      | Reached skill level 2 in Long Blades
   240 | D:1      | Reached XP level 2. HP: 19/19 MP: 2/2
   464 | D:1      | Reached skill level 3 in Long Blades
   664 | D:2      | Reached XP level 3. HP: 20/23 MP: 3/3
   714 | D:2      | Found Byethec's Antique Weapon Boutique.
   921 | D:2      | Reached XP level 4. HP: 21/28 MP: 4/4
   979 | D:2      | Reached skill level 4 in Long Blades
  1033 | D:2      | Noticed Sigmund
  1040 | D:2      | Killed Sigmund
  1041 | D:2      | Reached skill level 5 in Long Blades
  1041 | D:2      | Reached XP level 5. HP: 26/32 MP: 5/5
  1088 | D:2      | Reached XP level 6. HP: 37/37 MP: 6/6
  1104 | D:2      | Noticed Terence
  1122 | D:2      | Killed Terence
  1187 | D:2      | Reached skill level 6 in Long Blades
  1553 | D:2      | Found a runed translucent door.
  1554 | D:2      | Noticed Crazy Yiuf
  1616 | D:3      | Noticed an ice beast
  1686 | D:3      | Noticed Natasha
  1700 | D:2      | Killed Natasha
  1704 | D:2      | Noticed Natasha
  1754 | D:3      | Found a glowing drain.
  1778 | Sewer    | Entered a sewer
  1858 | Sewer    | Noticed Pargi
  1864 | Sewer    | Killed Pargi
  1865 | Sewer    | Reached XP level 7. HP: 40/41 MP: 7/7
  2327 | D:3      | Found a runed translucent door.
  2327 | D:3      | Noticed splendoreal's ghost (amateur MfSu)
  2465 | D:3      | Reached skill level 7 in Long Blades
  3095 | D:4      | Found Kigush's Jewellery Boutique.
  3531 | D:5      | Entered Level 5 of the Dungeon
  3919 | D:4      | Reached skill level 8 in Long Blades
  4048 | D:4      | Reached XP level 8. HP: 45/46 MP: 8/8
  4496 | D:4      | Reached skill level 9 in Long Blades
  4758 | D:2      | Killed Natasha
  4779 | D:2      | Noticed Natasha
  4790 | D:2      | Killed Natasha
  4851 | D:2      | Killed Crazy Yiuf
  5451 | D:5      | Reached skill level 10 in Long Blades
  5579 | D:5      | Reached XP level 9. HP: 45/52 MP: 9/9
  6045 | D:2      | Bought a glowing great sword for 199 gold pieces
  6148 | D:6      | Found a white marble altar of Elyvilon.
  6476 | D:6      | Noticed Blork the orc
  6481 | D:6      | Killed Blork the orc
  6773 | D:7      | Reached skill level 5 in Fighting
  6819 | D:7      | Reached skill level 5 in Armour
  7305 | D:7      | Reached skill level 11 in Long Blades
  7439 | D:7      | Found a blossoming altar of Fedhas.
  7442 | D:7      | Found an ancient bone altar of Kikubaaqudgha.
  7741 | D:7      | Found a staircase to the Ecumenical Temple.
  7935 | Temple   | Entered the Ecumenical Temple
  7958 | Temple   | Became a worshipper of Warmaster Okawaru
  8057 | D:8      | Noticed Prince Ribbit
  8095 | D:8      | Killed Prince Ribbit
  8143 | D:8      | Noticed FelidPro's ghost (novice FeAE)
  8204 | D:8      | Reached skill level 1 in Invocations
  8208 | D:8      | Reached XP level 10. HP: 57/60 MP: 9/11
  8257 | D:8      | Found a transporter.
  8342 | D:8      | Found a sacrificial altar of Ru.
  8701 | D:8      | Found a transporter.
  8846 | D:9      | Noticed a two-headed ogre
  8863 | D:9      | Reached * piety under Okawaru
  8898 | D:8      | HP: 3/60 [two-headed ogre/+0 giant spiked club (7)]
  8900 | D:8      | Killed a two-headed ogre
  9008 | D:9      | Reached ** piety under Okawaru
  9021 | D:9      | Noticed a two-headed ogre
  9060 | D:8      | Killed a two-headed ogre
  9061 | D:8      | Reached skill level 12 in Long Blades
  9171 | D:9      | Noticed a deep elf pyromancer
  9179 | D:9      | Killed a deep elf pyromancer
  9179 | D:9      | Reached *** piety under Okawaru
  9214 | D:9      | Identified the staff of cold "Doniroor" {rC+ rCorr Str+3}
  9217 | D:9      | Reached XP level 11. HP: 10/64 MP: 14/14
  9224 | D:9      | Reached skill level 5 in Invocations
  9224 | D:9      | Noticed a cyclops
  9225 | D:9      | Noticed a two-headed ogre
  9382 | D:8      | Killed a two-headed ogre
  9429 | D:9      | Reached skill level 13 in Long Blades
  9508 | D:8      | Killed from afar by a gargoyle

Illustrated notes

Levels and vault maps discovered:
D:1:      enne_arrival_octagon_isle, layout_basic
D:2:      layout_basic, serial_shops, nicolae_shop_advertising_works
          [nicolae_subvault_shop_adworks], uniq_sigmund,
          uniq_crazy_yiuf_cottage, uniq_terence
D:3:      layout_basic, portal_sewer_entry_f, gammafunk_ghost_grave,
          small_statue_alley_b, minmay_misc_feat_tiny, uniq_natasha
D:4:      layout_basic, serial_shops, nicolae_shop_hallway_stairs,
          nicolae_eternal_life, st_stairs_4, kennysheep_opposing_triangles
D:5:      layout_loops_ring
D:6:      layout_gridville, elyvilon_altar_5, uniq_blork_the_orc
D:7:      layout_loops_corners, grunt_temple_overflow_growth_and_decay,
          temple_hall_moat, chequers_serial_rivers_marsh,
          dreamdust_wishing_well, minivault_22, minivault_19,
          kennysheep_nondescript
D:8:      layout_loops_ring, nicolae_ru_sacrificial_ziggurat,
          gammafunk_ghost_hive, minmay_bent, uniq_prince_ribbit1
D:9:      minmay_the_grid_square_5x5_4x4 [minmay_the_grid_square_5x5_v,
          minmay_the_grid_square_5x5_dogpile,
          minmay_the_grid_square_5x5_pentomino_r,
          minmay_the_grid_square_5x5_three_small,
          minmay_the_grid_square_5x5_percent,
          minmay_the_grid_square_5x5_prize_pseudospiral,
          minmay_the_grid_square_5x5_prize_waves,
          minmay_the_grid_square_5x5_six_small,
          minmay_the_grid_square_5x5_bracketed,
          minmay_the_grid_square_5x5_prize_rear_guard,
          minmay_the_grid_square_5x5_prize_itemx,
          minmay_the_grid_square_5x5_spiral, minmay_the_grid_square_5x5_shrine2,
          minmay_the_grid_square_5x5_n, minmay_the_grid_square_5x5_broken_cross,
          minmay_the_grid_square_5x5_hollow_slash], layout_loops_ring,
          david_orc_2, gammafunk_ghost_hydra_chop
Temple:   minmay_temple_bridge_abc

Skill      XL: |  1  2  3  4  5  6  7  8  9 10 11 |
---------------+----------------------------------+-----
Long Blades    | 2 3 5 6 8 10 11 12 13 | 13.0
Fighting       | 5 6 |  6.0
Armour         | 5 7 8 |  8.2
Invocations    | 1 4 5 |  5.0
Shields        | |  3.2

Action                     |  1- 3 |  4- 6 |  7- 9 | 10-12 || total
---------------------------+-------+-------+-------+-------++-------
  Melee: Long sword        |   119 |   123 |   416 |       ||   658
         Great sword       |       |       |   131 |    51 ||   182
         Scimitar          |       |       |       |   245 ||   245
 Invoke: Heroism           |       |       |       |     2 ||     2
  Evoke: Wand              |       |       |       |     6 ||     6
    Use: Potion            |       |     3 |     1 |       ||     4
         Scroll            |       |       |    11 |     2 ||    13
 Armour: Scale mail        |     4 |       |       |       ||     4
         Chain mail        |    74 |    79 |   143 |       ||   296
         Plate armour      |       |       |   261 |   236 ||   497
  Dodge: Dodged            |    36 |    42 |   156 |   117 ||   351
  Block: Buckler           |    31 |    38 |    70 |    64 ||   203
